 Dungeon Crawl Stone Soup version 0.29.0-11-gd7f09526c8 (webtiles) character file.

Game seed: 4211964969219871956

48 SkeletonJelly the Trooper (level 3, 0/34 HPs)
             Began as a Minotaur Fighter on Sept 4, 2022.
             Slain by a gnoll
             ... wielding a +0 club
              (5 damage)
             ... on level 1 of the Dungeon.
             The game lasted 00:01:28 (896 turns).

SkeletonJelly the Trooper (Minotaur Fighter)         Turns: 896, Time: 00:01:29

Health: 0/34       AC:  6    Str: 22    XL:     3   Next: 50%
Magic:  2/2        EV:  9    Int:  5    God:
Gold:   54         SH:  4    Dex:  9    Spells: 2/2 levels left

rFire   . . .      SeeInvis .   a - +0 war axe
rCold   . . .      Faith    .   c - +0 buckler
rNeg    . . .      Spirit   .   b - +0 scale mail
rPois   .          Reflect  .   (helmet restricted)
rElec   .          Harm     .   (no cloak)
rCorr   .          Rampage  .   (no gloves)
Will    .....                   (no boots)
Stlth   ..........              (no amulet)
HPRegen 0.11/turn               (no ring)
MPRegen 0.08/turn               (no ring)

@: no status effects
A: horns 2, retaliatory headbutt
a: no special abilities


You were on level 1 of the Dungeon.
You visited 1 branch of the dungeon, and saw 2 of its levels.

You collected 54 gold pieces.

Inventory:

Hand Weapons
 a - a +0 war axe (weapon)
Armour
 b - a +0 scale mail (worn)
 c - a +0 buckler (worn)
 h - a +0 pair of gloves
Jewellery
 g - a ring of willpower
Scrolls
 e - 2 scrolls of identify {unknown}
Potions
 d - a potion of might
 f - a potion of berserk rage {unknown}


   Skills:
 + Level 4.3 Fighting
 * Level 4.2 Axes
 - Level 3.6 Armour
 - Level 3.6 Shields


You had 2 spell levels left.
You didn't know any spells.
Your spell library was empty.

Dungeon Overview and Level Annotations

Branches:
Dungeon (2/15)

Altars:


Innate Abilities, Weirdness & Mutations

You have a pair of horns on your head.
You reflexively headbutt those who attack you in melee.


Message History

h - a +0 pair of gloves Health restored: 33 A kobold comes into view.
It is wielding a +0 short sword of freezing.
The kobold shouts!
A kobold is nearby!
A kobold is nearby!
You closely miss the kobold. You headbutt the kobold.
You kill the kobold!
No target in view!
No target in view!
No target in view!
No target in view!
Things that are here:
a +0 short sword of freezing; 5 stones; a kobold corpse Key pressed, stopping explore.
Done exploring.
Done exploring.
Done exploring.
Done exploring.
Done exploring.
Done exploring.
Search for what [? for help]? .
Unknown command.
There is an escape hatch in the floor here.
There is a stone staircase leading down here.
You climb downwards.
There is a stone staircase leading up here.
You hit the dart slug. You headbutt the dart slug.
You kill the dart slug!
Your Axes skill increases to level 4!
The giant cockroach bites you but does no damage.
You hit the giant cockroach.
The giant cockroach is severely wounded.
The giant cockroach bites you but does no damage.
You closely miss the giant cockroach. You headbutt the giant cockroach.
You kill the giant cockroach!
No target in view!
No target in view!
No target in view!
You open the door. 3 gnolls and an endoplasm come into view.
The gnoll shouts! x3
The endoplasm quivers.
Found a hand axe.
Found a stone staircase leading down.
There are monsters nearby!
There are monsters nearby!
There are monsters nearby!
There are monsters nearby!
The gnoll completely misses you.
You barely miss the gnoll. Your headbutt misses the gnoll. You hit the gnoll.
The gnoll is moderately wounded.
You slash the gnoll!
You kill the gnoll!
The gnoll barely misses you.
Health restored: 34 You hit the gnoll but do no damage.
The gnoll hits you with a +0 club.
You take 6 damage, and have 28/34 hp.
You closely miss the gnoll. You block the gnoll's attack.
You hit the gnoll but do no damage. The gnoll hits you with a +0 club!
You take 7 damage, and have 21/34 hp.
MASSIVE DAMAGE!!
You slash the gnoll!
The gnoll is severely wounded.
The gnoll barely misses you. The gnoll hits you with a +0 club.
You take 5 damage, and have 16/34 hp.
You are too injured to fight recklessly!
You are too injured to fight recklessly!
You are too injured to fight recklessly!
You are too injured to fight recklessly!
You are too injured to fight recklessly!
You barely miss the gnoll. Your headbutt misses the gnoll.
The gnoll is severely wounded.
The gnoll hits you with a +0 club.
You take 5 damage, and have 11/34 hp.
You closely miss the gnoll.
The gnoll is severely wounded.
The gnoll hits you with a +0 club.
* * * LOW HITPOINT WARNING * * *
You take 3 damage, and have 8/34 hp.
There is a stone staircase leading up here.
You block the gnoll's attack.
You climb upwards.
There is a stone staircase leading down here.
You barely miss the gnoll.
The gnoll is severely wounded.
The gnoll hits you but does no damage. The gnoll hits you with a +0 club.
* * * LOW HITPOINT WARNING * * *
You take 1 damage, and have 8/34 hp.
You hit the gnoll but do no damage.
The gnoll is severely wounded.
The gnoll barely misses you.
You closely miss the gnoll.
The gnoll is severely wounded.
The gnoll hits you but does no damage. The gnoll hits you with a +0 club.
* * * LOW HITPOINT WARNING * * *
You take 3 damage, and have 5/34 hp.
You closely miss the gnoll.
The gnoll is severely wounded.
The gnoll hits you with a +0 club.
You die...

######.......# #.## #
#...##.......# ##.###
#.#..........#####..#.
#...###......##......# ##.##
#......##.##.#.#
####.#######.####.##.#.#
#.......# #.........#.# ###
#.##.##.#########.#..#.# ..#
#.##.##@.....####.#..#.# #.#
#.##....g..#...........# #.#
#.#####..#.#.........### #.#
#.#####..#........#.## #.#
###........###........#
#.######....#####.###......###
......##.##.# #.....###### ##
.##.........# #####.## #####.
....#.##.##.# #)..# #.(...


You could see a gnoll.

Vanquished Creatures
  A gnoll (D:2)
  A dart slug (D:2)
  2 ball pythons (D:1)
  2 endoplasms (D:1)
  2 giant cockroaches
  5 goblins (D:1)
  3 hobgoblins (D:1)
  4 jackals (D:1)
  2 quokkas (D:1)
  3 bats (D:1)
  A frilled lizard (D:1)
  4 kobolds (D:1)
  4 rats (D:1)
34 creatures vanquished.

Notes
Turn   | Place    | Note
-------+----------+-------------------------------------------
     0 | D:1      | SkeletonJelly the Minotaur Fighter began the quest for the
                  | Orb.
     0 | D:1      | Reached XP level 1. HP: 19/19 MP: 0/0
    90 | D:1      | Reached XP level 2. HP: 20/27 MP: 1/1
   483 | D:1      | Found a faded altar of an unknown god.
   640 | D:1      | Reached XP level 3. HP: 33/33 MP: 2/2
   896 | D:1      | Slain by a gnoll

Illustrated notes

Levels and vault maps discovered:
D:1:      sevenhm_arrival_forest_fort_small_4, layout_loops_cross,
          basic_ecumenical_altar
D:2:      layout_loops_corners, basic_altar, uniq_jessica, uniq_terence

Skill      XL: |  1  2  3 |
---------------+----------+-----
Axes           | 3 4 |  4.2
Fighting       | 4 |  4.3
Armour         | |  3.6
Shields        | |  3.6

Action                   || total
-------------------------++-------
Melee: War axe           ||    71
       Headbutt          ||    10
Armor: Scale mail        ||    29
Dodge: Dodged            ||    22
Block: Buckler           ||    14
